 Dungeon Crawl Stone Soup version 0.30-a0-702-gdf48620a09 (webtiles) character file.

Game seed: 3460399421804444211

16 flotson the Sneak (level 2, -3/24 HPs)
             Began as a Demonspawn Delver on Jan 21, 2023.
             Slain by an orc
             ... wielding a +0 hand axe
              (4 damage)
             ... on level 3 of the Dungeon.
             The game lasted 00:01:18 (477 turns).

flotson the Sneak (Demonspawn Delver)                Turns: 477, Time: 00:01:19

Health: -3/24      AC:  5    Str: 12    XL:     2   Next: 41%
Magic:  2/2        EV:  7    Int: 11    God:
Gold:   55         SH:  0    Dex: 14    Spells: 1/1 levels left

rFire   . . .      SeeInvis .    a - +0 hand axe
rCold   . . .      Faith    .    (no shield)
rNeg    . . .      Spirit   .    j - +0 ring mail
rPois   .          Reflect  .    (no helmet)
rElec   .          Harm     .    (no cloak)
rCorr   .          Rampage  .    (no gloves)
Will    .....                    (no boots)
Stlth   ++                       (no amulet)
HPRegen 0.24/turn                (no ring)
MPRegen 0.08/turn                (no ring)

@: hasted, constricted, very quick
A: claws 1
a: no special abilities


You were on level 3 of the Dungeon.
You visited 1 branch of the dungeon, and saw 3 of its levels.

You collected 55 gold pieces.

Inventory:

Hand Weapons
 a - a +0 hand axe (weapon)
Armour
 j - a +0 ring mail (worn)
Wands
 g - a wand of digging (3)
Scrolls
 c - 2 scrolls of fog
 d - a scroll of magic mapping
 i - a scroll of teleportation {unknown}
Potions
 h - a potion of heal wounds {unknown}


   Skills:
 + Level 3.1 Fighting
 - Level 2.0 Axes
 + Level 0.6 Armour
 + Level 2.0 Dodging
 + Level 4.6 Stealth
 + Level 0.5 Evocations


You had one spell level left.
You didn't know any spells.
Your spell library was empty.

Dungeon Overview and Level Annotations

Branches:
Dungeon (5/15)
 Temple: D:4-7

Altars:


Innate Abilities, Weirdness & Mutations

You have sharp fingernails.


Message History

You kill the giant cockroach!
No target in view!
No target in view!
You climb upwards.
The ufetubus hits you but does no damage. x2
The orc hits you but does no damage. The ufetubus completely misses you.
The ufetubus barely misses you. The orc hits you with a +0 mace.
The orc hits you with a +0 hand axe. The ufetubus closely misses you.
The ufetubus misses you.
There is a stone staircase leading down here.
The ufetubus barely misses you. The ufetubus hits you.
The orc hits you but does no damage. x2
The ball python bites you but does no damage.
The ball python grabs you.
You stop descending the stairs.
The ball python constricts you.
You are too injured to fight recklessly!
Unknown command.
You are too injured to fight recklessly!
You are too injured to fight recklessly!
Unknown command.
You are too injured to fight recklessly!
You feel yourself speed up.
The orc shouts!
The ufetubus hits you.
The ufetubus hits you but does no damage.
The orc closely misses you. The orc hits you with a +0 hand axe.
* * * LOW HITPOINT WARNING * * *
A quokka comes into view.
The ball python bites you but does no damage.
The ball python constricts you.
* * * LOW HITPOINT WARNING * * *
The ufetubus hits you but does no damage. x2
You barely miss the orc.
You hit the ball python but do no damage.
You hit the ufetubus. You hit the orc. The ball python bites you.
* * * LOW HITPOINT WARNING * * *
The ball python constricts you. The orc hits you with a +0 mace.
* * * LOW HITPOINT WARNING * * *
The orc hits you with a +0 hand axe.
You die...

..... ...?..######
............#
............#
............#
..[.........#
..[......5S.#
..?......o@.#
#.....o....o##.
................
....r...........#
###.............#
..................
####.#............
....#..........
..............


You could see 3 orcs, an ufetubus, a quokka and a ball python.

Vanquished Creatures
  An adder (D:5)
  An endoplasm (D:4)
  A giant cockroach (D:4)
  2 goblins (D:4)
  A quokka (D:4)
6 creatures vanquished.

Notes
Turn   | Place    | Note
-------+----------+-------------------------------------------
     0 | D:5      | flotson the Demonspawn Delver began the quest for the Orb.
     0 | D:5      | Reached XP level 1. HP: 18/18 MP: 1/1
    40 | D:5      | Gained mutation: You have sharp fingernails. [demonic
                  | ancestry]
    40 | D:5      | Reached XP level 2. HP: 14/24 MP: 2/2
   184 | D:4      | Noticed a scorpion
   477 | D:3      | HP: 1/24 [orc/+0 mace (2)]
   477 | D:3      | Slain by an orc

Illustrated notes

Levels and vault maps discovered:
D:3:      layout_rooms, mainiacjoe_overflow_tiny_flanked,
          kennysheep_decorative_pillar
D:4:      layout_loops_corners, grunt_qazlal_clouds, minmay_snake_closets,
          uniq_crazy_yiuf_cottage, uniq_edmund
D:5:      layout_loops_corners, lemuel_zombie_altar_yredelemnul,
          minmay_divided_ellipse, uniq_menkaure

Skill      XL: |  1  2 |
---------------+-------+-----
Axes           | 2 |  2.0
Dodging        | 2 |  2.0
Fighting       | |  3.1
Armour         | |  0.6
Stealth        | |  4.6
Evocations     | |  0.5

Action                   || total
-------------------------++-------
Melee: Hand axe          ||    19
  Use: Scroll            ||     1
       Potion            ||     1
 Stab: Sleeping          ||     2
Armor: Leather armour    ||     6
       Ring mail         ||    13
Dodge: Dodged            ||    27

Table legend: (Time is in decaauts)
 A = Elapsed time spent in this place.
 B = Non-inter-level travel time spent in this place.
 C = Inter-level travel time spent in this place.
 D = Time resting spent in this place.
 E = Time spent auto-exploring this place.
 F = Levels seen in this place.
 G = Mean time per level.
                   A        B        C        D        E       F      G
               +--------+--------+--------+--------+--------+-----+--------+
         Total |    483 |    461 |     22 |    108 |    202 |   3 |  161.0 |
       Dungeon |    483 |    461 |     22 |    108 |    202 |   3 |  161.0 |
               +--------+--------+--------+--------+--------+-----+--------+

Top non-repeatable levels by time:
     D:4: 380 daAuts
     D:5: 82 daAuts
     D:3: 20 daAuts
